 Dungeon Crawl Stone Soup version 0.31-a0-765-g67fe2935dc (webtiles) character file.

Game seed: 10247690401510165655

324586 RepHenryClay the Marksdemonspawn (level 20, 0/153 (154) HPs)
             Began as a Demonspawn Shapeshifter on Sept 15, 2023.
             Was the Champion of Okawaru.
             Killed from afar by a blizzard demon (25 damage)
             ... with a bolt of lightning
             ... summoned by a dread lich
             ... while paralysed by a dread lich
             ... on level 4 of the Vaults on Sept 16, 2023.
             The game lasted 01:28:22 (36937 turns).

RepHenryClay the Marksdemonspawn (DsSh)            Turns: 36937, Time: 01:28:22

HP:   0/153 (154)   AC: 36    Str: 14    XL:     20   Next: 33%
MP:   27/27         EV:  2    Int: 21    God:    Okawaru [******]
Gold: 432           SH:  0    Dex: 28    Spells: 19/19 levels left

rFire   + . .        a - +8 storm bow {elec, penet}
rCold   + . .        (shield currently unavailable)
rNeg    + + .        u - +8 pearl dragon scales
rPois   +            Q - +1 helmet of Lausisoj {Rampage rN+ Dex+5 Stlth-}
rElec   .            N - scarf "Buget" {rC+ rF+, rPois Str-5 SInv Stlth+}
rCorr   .            (gloves unavailable)
SInv    +            s - +1 pair of boots
Will    +....        C - amulet of regeneration
Stlth   ++++         O - ring of Giupez {EV+5 Str+5}
HPRegen 1.25/turn    g - ring "Wuge Gel" {Drain EV+5 Int+7 Dex+3 Slay+2}
MPRegen 0.20/turn

%: rampage
@: paralysed, mighty, heroic, lightly drained
A: claws 3, powered by pain 2, sharp scales 3, demonic magic 2, bedeviling,
noise suppression
}: 3/15 runes: decaying, serpentine, abyssal
a: Renounce Religion, Heroism, Finesse, Duel


You were on level 4 of the Vaults.
You worshipped Okawaru.
Okawaru was exalted by your worship.
You visited 7 branches of the dungeon, and saw 35 of its levels.
You visited the Abyss 1 time.
You also visited: Volcano.

You collected 3822 gold pieces.
You spent 3390 gold pieces at shops.

Inventory:

Hand Weapons
 a - the +8 storm bow (weapon) {elec, penet}
   (You acquired it on level 7 of the Dungeon)
Missiles
 G - 2 darts of dispersal
Armour
 h - the quicksilver dragon scales "Ciohyon" {rPois rN+ Will+ Str-4 Dex+3}
   (You bought it in a shop on level 12 of the Dungeon)

   Str-4:     It affects your strength (-4).
   Dex+3:     It affects your dexterity (+3).
   rPois:     It protects you from poison rN+: It protects you from negative
   energy.
   Will+:     It increases your willpower.
 s - a +1 pair of boots (worn)
 u - +8 pearl dragon scales (worn)
 N - the scarf "Buget" (worn) {rC+ rF+, rPois Str-5 SInv Stlth+}
   (Okawaru gifted it to you on level 1 of the Vaults)

   Str-5:     It affects your strength (-5).
   rPois:     It protects you from poison SInv: It lets you see invisible.
   Stlth+:    It makes you more stealthy.
 Q - the +1 helmet of Lausisoj (worn) {Rampage rN+ Dex+5 Stlth-}
   (You acquired it on level 2 of the Lair of Beasts)

   Dex+5:     It affects your dexterity (+5).
   rN+:       It protects you from negative energy.
   Rampage:   It bestows one free step when moving towards enemies.
   Stlth-:    It makes you less stealthy.
 Y - a +2 cloak
Jewellery
 d - a ring of protection from fire
 g - the ring "Wuge Gel" (right claw) {Drain EV+5 Int+7 Dex+3 Slay+2}
   (You acquired it on level 15 of the Dungeon)

   [ring of evasion]

   EV+5:      It affects your evasion (+5).
   Int+7:     It affects your intelligence (+7).
   Dex+3:     It affects your dexterity (+3).
   Slay+2:    It affects your accuracy & damage with ranged weapons and melee
   (+2).
   Drain:     It drains your maximum health when unequipped.
 k - a ring of ice
 C - an amulet of regeneration (around neck)
 H - a ring of see invisible
 M - a ring of positive energy
 O - the ring of Giupez (left claw) {EV+5 Str+5}
   (You acquired it on level 7 of the Dungeon)

   [ring of evasion]

   EV+5:      It affects your evasion (+5).
   Str+5:     It affects your strength (+5).
 W - a ring of flight
Wands
 j - a wand of roots (59)
 r - a wand of polymorph (6)
 B - a wand of mindburst (25)
 I - a wand of digging (27)
 S - a wand of acid (14)
Scrolls
 b - 15 scrolls of teleportation
 c - 13 scrolls of identify {@r1}
 l - 8 scrolls of enchant weapon
 n - a scroll of silence
 o - a scroll of fear
 p - 6 scrolls of amnesia
 t - 8 scrolls of poison
 w - 2 scrolls of blinking
 y - 2 scrolls of immolation
 z - 2 scrolls of brand weapon
 K - 5 scrolls of fog
 L - a scroll of vulnerability
 Z - 3 scrolls of revelation
Potions
 e - 11 potions of curing
 f - 6 potions of brilliance
 i - 2 potions of magic
 q - 2 potions of resistance
 A - 2 potions of invisibility
 D - 3 potions of enlightenment
 E - 5 potions of might
 J - 3 potions of ambrosia
 R - 5 potions of mutation
 T - 8 potions of haste
 V - 5 potions of heal wounds
 X - 2 potions of cancellation
Miscellaneous
 x - a condenser vane


   Skills:
 + Level 12.4(17.4) Fighting
 - Level 20.0(25.0) Ranged Weapons
 + Level 16.3(21.3) Armour
 + Level 16.3(21.3) Dodging
 - Level 7.7(12.7) Stealth
 - Level 3.7(8.7) Unarmed Combat
 - Level 10.0 Invocations
 - Level 5.0 Evocations
 - Level 8.1 Shapeshifting


You had 19 spell levels left.
You didn't know any spells.
Your spell library contained the following spells:

 Spells                   Type           Power      Damage    Failure   Level
 Kiss of Death            Conj/Necr      0%         2d5       43%         1
 Cigotuvi's Dreadful Rot  Necr/Pois/Air  0%         N/A       56%         2
 Ensorcelled Hibernation  Hex/Ice        0%         N/A       56%         2
 Jinxbite                 Hex            0%         N/A       56%         2
 Static Discharge         Conj/Air       0%         2-2/arc   56%         2
 Confusing Touch          Hex            0%         N/A       80%         3
 Dazzling Flash           Conj/Hex       0%         N/A       80%         3
 Ignite Poison            Fire/Tmut/Pois 0%         N/A       80%         3
 Volatile Blastmotes      Fire/Tloc      0%         2d10      80%         3
 Airstrike                Air            0%         2d(0-16)  99%         4
 Anguish                  Hex/Necr       0%         N/A       99%         4
 Dispel Undead            Necr           0%         3d6       99%         4
 Fulminant Prism          Conj/Hex       0%         3d5       99%         4
 Iskenderun's Mystic Bla  Conj/Tloc      0%         2d3       99%         4
 Leda's Liquefaction      Hex/Erth       0%         N/A       99%         4
 Manifold Assault         Tloc           0%         N/A       99%         4
 Passage of Golubria      Tloc           0%         N/A       99%         4
 Sticky Flame             Conj/Fire      0%         2d3       99%         4
 Borgnjor's Vile Clutch   Necr/Erth      0%         N/A       100%        5
 Freezing Cloud           Conj/Ice/Air   0%         6-21      100%        5
 Lee's Rapid Deconstruct  Erth           0%         3d4*      100%        5
 Silence                  Hex/Air        0%         N/A       100%        5
 Dispersal                Tloc           0%         N/A       100%        6
 Leda's Unmaking          Conj/Erth      0%         9d1       100%        6
 Starburst                Conj/Fire      0%         6d3       100%        6
 Borgnjor's Revivificati  Necr           0%         N/A       100%        8
 Disjunction              Tloc           0%         N/A       100%        8
 Ignition                 Fire           0%         3d3       100%        8
 Lehudib's Crystal Spear  Conj/Erth      0%         10d2      100%        8
 Maxwell's Capacitive Co  Air            0%         ∞         100%        8
 Chain Lightning          Conj/Air       0%         N/A       100%        9
 Death's Door             Necr           0%         N/A       100%        9
 Fire Storm               Conj/Fire      0%         5d1       100%        9
 Shatter                  Erth           0%         3d5*      100%        9
 Animate Dead             Necr           Unusable   N/A       N/A         4
 Summon Lightning Spire   Summ/Air       Unusable   N/A       N/A         4
 Death Channel            Necr           Unusable   N/A       N/A         6
 Haunt                    Necr/Summ      Unusable   N/A       N/A         7

Dungeon Overview and Level Annotations

Branches:
Dungeon (15/15)            Temple (1/1) D:6            Lair (5/5) D:9
  Swamp (4/4) Lair:3        Snake (4/4) Lair:3        Slime (0/5) Lair:5
    Orc (2/2) D:12            Elf (0/3) Orc:2        Vaults (4/5) D:14
  Crypt (0/3) Vaults:2     Depths (0/4) D:15        Volcano (visited)

Altars:
Ashenzari
Cheibriados
Dithmenos
Fedhas
Gozag
Hepliaklqana
Kikubaaqudgha
Makhleb
Nemelex Xobeh
Okawaru
Qazlal
Ru
Sif Muna
Trog
Uskayaw
Vehumet
Wu Jian
Xom
Yredelemnul
Lugonu

Shops:
D:3 ?   D:6 :   D:7 *:!=   D:10 [   D:12 [   Orc:2 ?!:[   Snake:2 :
Vaults:3 (

Portals:
Abyss: Lair:3

Annotations:
D:12 pearl
Snake:2 good manuals
Snake:3 2 transporters, Femnodeu's ghost, adept MiBe


Innate Abilities, Weirdness & Mutations

You have claws for hands.
You sometimes gain power by taking damage.
You are completely covered in razor-sharp scales. (AC +3, Slay +3)
Spells you cast may paralyse nearby enemies.
Your hexes are more powerful.
You passively dampen the noise of your surroundings.


Message History

The arrow pierces through the dread lich but does no damage.
The dread lich is almost destroyed.
The Hell Sentinel completely misses you.
The Hell Sentinel misses you.
The dread lich gestures wildly while chanting.
You shoot an arrow.
The arrow pierces through the dread lich but does no damage.
The dread lich is almost destroyed.
The dread lich completely misses you.
The Hell Sentinel hits you but does no damage.
The Hell Sentinel completely misses you.
You shoot an arrow.
The arrow pierces through the dread lich.
The dread lich is almost destroyed.
The dread lich points at you and mumbles some strange words.
You suddenly lose the ability to move!
The Ice Fiend calls on the powers of darkness!
Your body is wracked with pain!
You focus on the pain.
You feel very mighty all of a sudden. The Hell Sentinel hits you.
The Hell Sentinel hits you but does no damage.
The dread lich mumbles some strange words.
The Ice Fiend calls on the powers of darkness!
Your body is wracked with pain!
* * * LOW HITPOINT WARNING * * *
The dread lich touches you but does no damage.
The Hell Sentinel gestures at you.
The iron shot hits you but does no damage.
The dread lich touches you but does no damage.
The Hell Sentinel hits you!!
* * * LOW HITPOINT WARNING * * *
The Hell Sentinel hits you but does no damage.
The blizzard demon waves its arms in wide circles.
The air twists around and strikes you!
* * * LOW HITPOINT WARNING * * *
The dread lich touches you but does no damage. x2
The Hell Sentinel hits you but does no damage. x2
The blizzard demon gestures at you. The bolt of lightning hits you!!
You die...

#.[..##...).......#
#....##...#.......#
#....###'######...#
#....).†..#c..#...#
#....#....+...#...#
#....#....#...#...#
##....##########...#
#....)##??$#...)...#
#.....##.=1L@......#
#.....##??(#12.....#
#.....##############
#...............
###+##...............
.....................
.....................
.....########........
^....#......#........


You could see a Hell Sentinel (summoned), a dread lich (fast, invisible), an Ice
Fiend (summoned) and a blizzard demon (summoned).

Vanquished Creatures
  Saint Roka (Snake:2)
  the Lernaean hydra (Swamp:4)
  Jory (Vaults:4)
  A tentacled monstrosity (Swamp:2)
  2 liches (Abyss:3)
  A hellephant (Abyss:3)
  Gastronok (Lair:1)
  3 sphinxes
  5 tentacled starspawn (Abyss:3)
  Agnes (Snake:4)
  Kirke (D:13)
  Aizul (Snake:2)
  7 nagarajas
  A fire giant (Vaults:4)
  8 vault wardens
  A deep elf elementalist (Abyss:3)
  5 ghouls
  2 orc warlords
  4 formless jellyfish
  2 war gargoyles
  11 ironbound preservers
  8 ironbound thunderhulks
  2 stone giants
  A bunyip (shapeshifter) (Abyss:3)
  2 eleionomae
  9 bunyips
  3 dire elephants
  An entropy weaver (Vaults:1)
  A fire dragon (Lair:5)
  5 great orbs of eyes
  3 crystal guardians
  7 yaktaur captains
  8 vault guards
  Erolcha (Orc:1)
  3 salamander tyrants
  15 hydras
  A rakshasa (D:15)
  2 peacekeepers
  4 boulder beetles
  A death knight (D:15)
  7 alligators
  8 ironbound frosthearts
  3 ogre magi
  6 ghost crabs
  19 centaur warriors
  A catoblepas (D:13)
  A tengu warrior (D:14)
  5 anacondas (Snake:3)
  11 two-headed ogres
  23 naga warriors
  Sonja (D:12)
  Urug (Lair:3)
  6 thrashing horrors (Abyss:3)
  11 naga sharpshooters
  3 shock serpents
  2 wretched stars
  6 goliath frogs
  3 salamander mystics (Snake:4)
  10 skeletal warriors (Vaults:2)
  26 deep trolls
  6 spriggan druids
  A spatial maelstrom (Abyss:3)
  2 glowing orange brains (Vaults:3)
  11 swamp dragons
  7 naga ritualists
  15 ironbound convokers
  6 starcursed masses (Abyss:3)
  2 spriggan simulacra (Swamp:4)
  12 lindwurms
  A harpy (Vaults:1)
  3 bog bodies
  5 wizards
  2 necromancers
  Pikel (D:5)
  15 ugly things
  7 orc knights
  4 will-o-the-wisps
  A wolf spider (Lair:5)
  5 orc sorcerers
  4 large abominations (Abyss:3)
  2 manticores (D:14)
  4 cyclopes
  12 mana vipers
  A stone giant skeleton (Vaults:2)
  Maurice (D:10)
  23 naga magi
  Joseph (D:9)
  13 salamanders
  3 apocalypse crabs (Swamp:1)
  19 vault sentinels
  6 elephants
  2 smoke demons
  38 black mambas
  5 guardian serpents
  A dire elephant zombie (Abyss:3)
  17 cane toads
  11 unseen horrors
  2 gargoyles
  2 kobold demonologists
  A freezing wraith (D:9)
  6 rime drakes
  14 yaktaurs
  6 komodo dragons
  4 ancient zymes (Abyss:3)
  2 red devils (Volcano)
  A tormentor (Abyss:3)
  A tengu conjurer (D:14)
  3 bloated husks
  2 elf skeletons (Vaults:2)
  8 trolls
  4 polar bears
  2 human skeletons (Vaults:2)
  14 blink frogs
  Grinder (D:3)
  9 tyrant leeches
  6 hornets
  An air elemental (Abyss:3)
  39 slime creatures
  A jumping spider (Vaults:1)
  4 spriggans
  3 shadows
  A dire elephant simulacrum (Swamp:4)
  A vampire (D:12)
  4 wraiths
  A ynoxinul (Abyss:3)
  2 humans (D:13)
  2 ettin skeletons (Vaults:2)
  5 basilisks
  46 yaks
  3 redbacks
  A hog (D:13)
  6 steam dragons
  15 wyverns
  Menkaure (D:7)
  A swamp worm (shapeshifter) (Abyss:3)
  4 vampire mosquitoes (D:12)
  2 minotaur simulacra (Swamp:4)
  3 neqoxecs (Abyss:3)
  14 swamp worms
  Edmund (D:4)
  2 wargs
  49 nagas
  5 acid dragons
  A hell hound (Volcano)
  An acid dragon (shapeshifter) (Abyss:3)
  Duvessa (D:4)
  24 water moccasins
  5 small abominations (Abyss:3)
  43 orc warriors
  An ogre skeleton (Vaults:2)
  11 swamp drakes
  An ice beast (D:5)
  A sky beast (D:7)
  A black bear (Lair:4)
  17 ogres
  18 centaurs
  A lemure (D:5)
  A phantom (D:6)
  4 kobold brigands (D:9)
  11 bullfrogs
  3 deep troll simulacra (Swamp:4)
  2 necrophages (Swamp:4)
  3 scorpions
  3 gnoll sergeants
  A wight (D:6)
  Dowan (D:4)
  11 electric eels
  5 howler monkeys
  4 jellies
  7 hounds (D:4)
  A quasit (Abyss:3)
  3 gnoll boudas
  15 orc priests
  7 iguanas
  Ijyb (D:4)
  14 orc wizards
  A sleepcap (D:6)
  7 adders
  31 gnolls
  A white imp (D:5)
  2 ufetubi
  3 worms
  2 dart slugs (D:3)
  92 orcs
  5 bats
  4 endoplasms
  2 giant cockroaches (D:4)
  5 goblins
  7 hobgoblins
  15 jackals
  18 kobolds
  2 quokkas
  4 ball pythons
  5 frilled lizards
  5 rats
  3 lurking horrors
  2 starspawn tentacles (Abyss:3)
1303 creatures vanquished.

Vanquished Creatures (others)
  2 spriggan druids (Swamp:1)
  8 foxfires
  12 starspawn tentacles (Abyss:3)
22 creatures vanquished.

Grand Total: 1325 creatures vanquished

Notes
Turn   | Place    | Note
-------+----------+-------------------------------------------
     0 | D:1      | RepHenryClay the Demonspawn Shapeshifter began the quest
                  | for the Orb.
     0 | D:1      | Reached XP level 1. HP: 15/15 MP: 1/1
   366 | D:1      | Gained mutation: Spells you cast may paralyse adjacent
                  | enemies. [demonic ancestry]
   366 | D:1      | Reached XP level 2. HP: 21/21 MP: 2/2
   938 | D:2      | Reached XP level 3. HP: 18/26 MP: 3/3
  1928 | D:3      | Noticed Grinder
  1959 | D:3      | Killed Grinder
  1960 | D:3      | Reached XP level 4. HP: 32/32 MP: 4/4
  1960 | D:3      | Reached XP level 5. HP: 37/37 MP: 5/5
  2111 | D:3      | Found Jydal's Magic Scroll Boutique.
  2125 | D:3      | Bought a scroll of blinking for 75 gold pieces
  2125 | D:3      | Bought a scroll of teleportation for 30 gold pieces
  2788 | D:3      | Gained mutation: You sometimes gain a little power by
                  | taking damage. [demonic ancestry]
  2788 | D:3      | Reached XP level 6. HP: 21/43 MP: 6/6
  3042 | D:4      | Noticed Ijyb
  3051 | D:4      | Killed Ijyb
  3208 | D:4      | Noticed Edmund
  3227 | D:4      | Killed Edmund
  3311 | D:4      | Gained mutation: You are partially covered in razor-sharp
                  | scales. (AC +1, Slay +1) [demonic ancestry]
  3311 | D:4      | Reached XP level 7. HP: 37/48 MP: 7/7
  3402 | D:5      | Entered Level 5 of the Dungeon
  3430 | D:4      | Reached skill level 5 in Dodging
  3570 | D:4      | Reached skill level 5 in Shapeshifting
  3654 | D:5      | Noticed Pikel
  3667 | D:5      | Killed Pikel
  3668 | D:5      | Gained mutation: You are mostly covered in razor-sharp
                  | scales. (AC +2, Slay +2) [demonic ancestry]
  3668 | D:5      | Reached XP level 8. HP: 32/54 MP: 8/8
  3722 | D:3      | Bought a scroll of enchant weapon for 75 gold pieces
  3722 | D:3      | Bought 2 scrolls of fear for 80 gold pieces
  3939 | D:4      | Noticed Duvessa
  4206 | D:4      | Noticed Dowan
  4222 | D:4      | Killed Duvessa
  4240 | D:4      | Killed Dowan
  4337 | D:4      | Found an ancient bone altar of Kikubaaqudgha.
  4346 | D:4      | Found a broken altar of Ashenzari.
  5021 | D:5      | Found a hide-covered altar of Uskayaw.
  6018 | D:5      | Gained mutation: You are completely covered in razor-sharp
                  | scales. (AC +3, Slay +3) [demonic ancestry]
  6018 | D:5      | Reached XP level 9. HP: 59/59 MP: 9/9
  6145 | D:6      | Found Yliwuh's Book Emporium.
  7004 | D:6      | Found a staircase to the Ecumenical Temple.
  7026 | Temple   | Entered the Ecumenical Temple
  7042 | Temple   | Became a worshipper of Warmaster Okawaru
  7564 | D:7      | Noticed Menkaure
  7571 | D:7      | Killed Menkaure
  7748 | D:7      | Identified the +1 leather armour of Nemelex Xobeh's Grace
                  | {rElec rC+++ SInv Stlth-}
  7790 | D:7      | Found a shadowy altar of Dithmenos.
  7926 | D:7      | Found Feixuaj's Jewellery Shop.
  7948 | D:7      | Found Conlege's Distillery.
  7952 | D:7      | Bought a potion of berserk rage for 50 gold pieces
  7952 | D:7      | Bought a potion of invisibility for 80 gold pieces
  7967 | D:7      | Identified a scroll of acquirement
  8250 | D:7      | HP: 1/61 [steam dragon/ball of steam (19)]
  8253 | D:7      | You fall into a shaft and drop 2 floors!
  8311 | D:7      | Acquired the +8 storm bow {elec, penet}
  8311 | D:7      | Found the +8 storm bow {elec, penet}
  8442 | D:8      | Reached skill level 1 in Invocations
  8471 | D:7      | Acquired the ring of Giupez {EV+5 Str+5}
  8593 | D:8      | Reached * piety under Okawaru
  8642 | D:8      | Noticed a two-headed ogre
  8653 | D:8      | Killed a two-headed ogre
  8654 | D:8      | Reached skill level 5 in Invocations
  8654 | D:8      | Reached skill level 2 in Ranged Weapons
  8839 | D:7      | Found Tatraiz's Book Shop.
  8857 | D:7      | Found Maazizaa's Assorted Antiques.
  8860 | D:7      | Reached skill level 3 in Ranged Weapons
  8860 | D:7      | Gained mutation: You sometimes gain power by taking damage.
                  | [demonic ancestry]
  8860 | D:7      | Reached XP level 10. HP: 67/67 MP: 13/13
  9336 | D:8      | Reached skill level 4 in Ranged Weapons
  9369 | D:8      | Noticed a two-headed ogre
  9378 | D:8      | Killed a two-headed ogre
  9379 | D:8      | Reached skill level 5 in Ranged Weapons
 10008 | D:9      | Found a staircase to the Lair.
 10008 | D:9      | Noticed an elephant
 10017 | D:9      | Killed an elephant
 10018 | D:9      | Reached skill level 6 in Ranged Weapons
 10064 | D:9      | Reached skill level 7 in Ranged Weapons
 10096 | D:9      | Reached ** piety under Okawaru
 10101 | D:9      | Reached skill level 8 in Ranged Weapons
 10164 | D:9      | Noticed a two-headed ogre
 10169 | D:9      | Killed a two-headed ogre
 10431 | D:9      | Noticed Joseph
 10436 | D:9      | Killed Joseph
 10436 | D:9      | Reached *** piety under Okawaru
 10437 | D:9      | Reached skill level 9 in Ranged Weapons
 10437 | D:9      | Gained mutation: You have sharp fingernails. [demonic
                  | ancestry]
 10437 | D:9      | Reached XP level 11. HP: 68/72 MP: 14/14
 10776 | Lair:1   | Entered Level 1 of the Lair of Beasts
 10787 | Lair:1   | Noticed Gastronok
 10799 | Lair:1   | Killed Gastronok
 10799 | Lair:1   | Reached **** piety under Okawaru
 10800 | Lair:1   | Reached skill level 10 in Ranged Weapons
 10829 | Lair:1   | Identified the +5 long sword "Sipiang" {heavy, Dex+3}
 10878 | Lair:1   | Reached skill level 11 in Ranged Weapons
 11054 | Lair:1   | Identified the +1 robe "Piur" {Int+2}
 11321 | Lair:1   | Reached skill level 1 in Armour
 11430 | Lair:1   | Reached ***** piety under Okawaru
 12231 | Lair:2   | Reached skill level 5 in Armour
 12236 | Lair:2   | Found a dark tunnel.
 12241 | Lair:2   | Identified the +0 quick blade "Newt's Death" {flame, rPois
                  | Str+4 Int+4} (Okawaru gifted it to you on level 2 of the
                  | Lair of Beasts)
 12241 | Lair:2   | Received a gift from Okawaru
 12242 | Lair:2   | Reached XP level 12. HP: 68/78 MP: 15/15
 12273 | Volcano  | Entered a volcano
 12902 | Lair:2   | Acquired the +1 helmet of Lausisoj {Rampage rN+ Dex+5
                  | Stlth-}
 13444 | Lair:3   | Reached skill level 5 in Fighting
 13466 | Lair:3   | Received a gift from Okawaru
 13541 | Lair:3   | Reached skill level 12 in Ranged Weapons
 13553 | Lair:3   | Received a gift from Okawaru
 13558 | Lair:3   | Found a staircase to the Snake Pit.
 13575 | Lair:3   | Noticed a six-headed hydra
 13580 | Lair:3   | Killed a six-headed hydra
 13637 | Lair:3   | Found a corrupted altar of Lugonu.
 13647 | Lair:3   | Found a one-way gate to the infinite horrors of the Abyss.
 13872 | Lair:3   | Noticed Urug
 13878 | Lair:3   | Killed Urug
 14031 | Lair:3   | Reached XP level 13. HP: 91/91 MP: 16/16
 14167 | Lair:3   | Found a staircase to the Swamp.
 14902 | Lair:4   | Reached skill level 13 in Ranged Weapons
 14902 | Lair:4   | Reached skill level 10 in Armour
 15232 | Lair:5   | Entered Level 5 of the Lair of Beasts
 15245 | Lair:5   | Reached ****** piety under Okawaru
 15409 | Lair:5   | Identified the +1 robe of Okawaru, Mashing {rElec rN++
                  | Dex+3 Slay-3} (Okawaru gifted it to you on level 5 of the
                  | Lair of Beasts)
 15409 | Lair:5   | Received a gift from Okawaru
 15411 | Lair:5   | Paralysed by a hornet for 1 turns
 15745 | Lair:5   | Found a staircase to the Slime Pits.
 15774 | Lair:5   | Reached skill level 14 in Ranged Weapons
 16246 | Lair:5   | Noticed a fire dragon
 16258 | Lair:5   | Killed a fire dragon
 16420 | D:10     | Entered Level 10 of the Dungeon
 16433 | D:10     | Identified the +3 falchion "Tastraamn" {speed, rElec Dex+3}
 16647 | D:10     | Reached XP level 14. HP: 98/98 MP: 17/17
 17063 | D:10     | Found Giuca's Armour Boutique.
 17300 | D:10     | Noticed Maurice
 17306 | D:10     | Killed Maurice
 17556 | D:9      | Identified the +1 pair of gloves of Salvation {+Blink rC++
                  | Dex+4}
 17775 | D:11     | Received a gift from Okawaru
 18433 | D:12     | Found Heracles's Dragon-Slaying Spoils.
 18824 | D:12     | Found a staircase to the Orcish Mines.
 18891 | D:12     | Reached skill level 15 in Ranged Weapons
 18912 | D:12     | Noticed Sonja
 18916 | D:12     | Killed Sonja
 19744 | D:13     | Noticed Kirke
 19847 | Orc:1    | Entered Level 1 of the Orcish Mines
 19895 | Orc:1    | Noticed Erolcha
 19973 | D:12     | Bought the quicksilver dragon scales "Ciohyon" {rPois rN+
                  | Will+ Str-4 Dex+3} for 1099 gold pieces
 20068 | Orc:1    | Killed Erolcha
 20069 | Orc:1    | Reached skill level 1 in Evocations
 20349 | Orc:2    | Entered Level 2 of the Orcish Mines
 20403 | Orc:1    | Identified the +0 scale mail of Conscience {Dex+4} (Okawaru
                  | gifted it to you on level 1 of the Orcish Mines)
 20403 | Orc:1    | Received a gift from Okawaru
 20540 | Orc:2    | Found a staircase to the Elven Halls.
 20906 | Orc:2    | Found Heurhekh's Book Emporium.
 20906 | Orc:2    | Found Hozil's Distillery.
 20908 | Orc:2    | Found Lizemp's Magic Scroll Shop.
 20910 | Orc:2    | Found Irott's Armour Shoppe.
 21096 | Orc:2    | Bought a potion of heal wounds for 75 gold pieces
 21102 | Orc:2    | Bought a potion of curing for 45 gold pieces
 21104 | Orc:2    | Bought a scroll of fear for 60 gold pieces
 21104 | Orc:2    | Bought a scroll of teleportation for 45 gold pieces
 21268 | D:7      | Bought a potion of heal wounds for 50 gold pieces
 21366 | D:13     | Killed Kirke
 21859 | D:14     | Reached XP level 15. HP: 95/103 MP: 18/18
 21870 | D:14     | Reached skill level 5 in Evocations
 21927 | D:14     | Found a gate to the Vaults.
 22373 | D:15     | Entered Level 15 of the Dungeon
 22605 | D:15     | Reached skill level 15 in Armour
 22614 | D:15     | Acquired the ring "Wuge Gel" {Drain EV+5 Int+7 Dex+3
                  | Slay+2}
 22741 | D:15     | Found a staircase to the Depths.
 22958 | D:15     | Identified the +1 longbow "Jiawagim" {drain, *Corrode
                  | +Blink rN+ Dex+5} (Okawaru gifted it to you on level 15 of
                  | the Dungeon)
 22958 | D:15     | Received a gift from Okawaru
 23623 | Swamp:1  | Entered Level 1 of the Swamp
 23623 | Swamp:1  | Found a runed translucent door.
 23755 | Swamp:1  | Reached skill level 10 in Dodging
 24304 | Swamp:1  | Received a gift from Okawaru
 24310 | Swamp:1  | Identified the +9 trident of Circularity {elec, Drain rF++
                  | Str+3}
 24444 | Swamp:2  | Noticed a tentacled monstrosity
 24455 | Swamp:2  | Killed a tentacled monstrosity
 24627 | Swamp:2  | Gained mutation: You have very sharp fingernails. [demonic
                  | ancestry]
 24627 | Swamp:2  | Reached XP level 16. HP: 87/115 MP: 19/19
 25161 | Swamp:3  | Received a gift from Okawaru
 25500 | Swamp:3  | Identified the +5 great sword of Honour {drain, rElec
                  | Will++}
 25617 | Swamp:4  | Entered Level 4 of the Swamp
 25625 | Swamp:4  | Reached skill level 16 in Ranged Weapons
 25743 | Swamp:4  | Found a frozen archway.
 25905 | Swamp:4  | Noticed the 27-headed Lernaean hydra
 25918 | Swamp:4  | Killed the 27-headed Lernaean hydra
 25920 | Swamp:4  | Received a gift from Okawaru
 25941 | Swamp:4  | Identified the +7 triple sword of Ufeorygo {heavy, *Noise
                  | rF+ Will+ Str+8} (Okawaru gifted it to you on level 4 of
                  | the Swamp)
 25941 | Swamp:4  | Received a gift from Okawaru
 26009 | Swamp:4  | Got a decaying rune of Zot
 26480 | Snake:1  | Entered Level 1 of the Snake Pit
 26936 | Snake:1  | Reached skill level 10 in Fighting
 27394 | Snake:2  | Received a gift from Okawaru
 27397 | Snake:2  | Noticed Aizul
 27408 | Snake:2  | Killed Aizul
 27409 | Snake:2  | Gained mutation: You have claws for hands. [demonic
                  | ancestry]
 27409 | Snake:2  | Reached XP level 17. HP: 97/128 MP: 12/20
 27515 | Snake:2  | Reached skill level 17 in Ranged Weapons
 27533 | Snake:2  | Found Mitusaas's Self-Improvement Boutique.
 27852 | Snake:2  | Noticed Saint Roka
 27879 | Snake:2  | Killed Saint Roka
 28927 | Snake:3  | Received a gift from Okawaru
 29081 | Snake:3  | Found a transporter.
 29085 | Snake:3  | Noticed Femnodeu's ghost (adept MiBe)
 29099 | Snake:3  | Found a transporter.
 29440 | Snake:4  | Entered Level 4 of the Snake Pit
 29549 | Snake:4  | Received a gift from Okawaru
 29552 | Snake:4  | Reached skill level 18 in Ranged Weapons
 30322 | Snake:4  | Noticed Agnes
 30328 | Snake:4  | Killed Agnes
 30329 | Snake:4  | Gained mutation: Spells you cast may paralyse nearby
                  | enemies. [demonic ancestry]
 30329 | Snake:4  | Reached XP level 18. HP: 134/134 MP: 18/21
 30549 | Snake:4  | Reached skill level 15 in Dodging
 30606 | Snake:4  | Got a serpentine rune of Zot
 31473 | Vaults:1 | Entered Level 1 of the Vaults
 31619 | Vaults:1 | Identified the scarf "Buget" {rC+ rF+, rPois Str-5 SInv
                  | Stlth+} (Okawaru gifted it to you on level 1 of the Vaults)
 31619 | Vaults:1 | Received a gift from Okawaru
 31624 | Vaults:1 | Reached skill level 19 in Ranged Weapons
 32125 | Vaults:1 | Reached skill level 20 in Ranged Weapons
 32483 | Vaults:1 | Paralysed by a great orb of eyes for 4 turns
 32763 | Vaults:2 | Identified the +10 trident "Liytzej" {vamp, rF+ Will+}
                  | (Okawaru gifted it to you on level 2 of the Vaults)
 32763 | Vaults:2 | Received a gift from Okawaru
 32859 | Vaults:2 | Identified the +6 scimitar of Gish {flame, rPois rC+ Int-3}
 33307 | Vaults:2 | Reached XP level 19. HP: 142/142 MP: 24/24
 33382 | Vaults:2 | Identified the +8 longbow "Sanlewis" {flame, rC+ Int+2}
                  | (Okawaru gifted it to you on level 2 of the Vaults)
 33382 | Vaults:2 | Received a gift from Okawaru
 34284 | Vaults:2 | Found a staircase to the Crypt.
 34634 | Vaults:3 | Received a gift from Okawaru
 34668 | Vaults:3 | Found Sozanan's Weapon Boutique.
 34986 | Abyss:2  | Cast into level 2 of the Abyss (a wizard)
 35087 | Abyss:3  | Reached skill level 1 in Stealth
 35129 | Abyss:3  | Gained mutation: You do not regenerate when monsters are
                  | visible. [a neqoxec]
 35216 | Abyss:3  | Paralysed by an air elemental for 1 turns
 35332 | Abyss:3  | Reached skill level 5 in Stealth
 35357 | Abyss:3  | Received a gift from Okawaru
 35386 | Abyss:3  | Noticed a hellephant
 35392 | Abyss:3  | Killed a hellephant
 35398 | Abyss:3  | Lost mutation: You do not regenerate when monsters are
                  | visible. [potion of mutation]
 35398 | Abyss:3  | Gained mutation: You passively dampen the noise of your
                  | surroundings. [potion of mutation]
 35475 | Abyss:3  | Got an abyssal rune of Zot
 35493 | Vaults:3 | Escaped the Abyss
 35664 | Vaults:3 | Gained mutation: Your hexes are more powerful. [demonic
                  | ancestry]
 35664 | Vaults:3 | Reached XP level 20. HP: 152/152 MP: 27/27
 36131 | D:12     | Bought +2 pearl dragon scales for 1626 gold pieces
 36321 | Vaults:3 | Reached skill level 10 in Invocations
 36502 | Vaults:3 | Received a gift from Okawaru
 36602 | Vaults:4 | Noticed Jory
 36620 | Vaults:4 | Killed Jory
 36818 | Vaults:4 | Noticed a dread lich
 36916 | Vaults:4 | Paralysed by a dread lich for 2 turns
 36934 | Vaults:4 | Paralysed by a dread lich for 5 turns
 36937 | Vaults:4 | Killed from afar by a blizzard demon

Illustrated notes

Levels and vault maps discovered:
D:1:      wander_arrival_fairy_ring, layout_loops_cross
D:2:      layout_loops_corners
D:3:      layout_loops_ring, serial_shops, shop, minmay_cupped, uniq_grinder
D:4:      lemuel_castle_with_subvaults [lemuel_castle_interior_carwin_2],
          layout_basic, mainiacjoe_overflow_swirl, uniq_duvessa, uniq_edmund,
          uniq_ijyb
D:5:      layout_basic, eat_drink_and_be_merry_uskayaw, uniq_pikel
D:6:      layout_loops_ring, minmay_temple_entry_gardened_gates, serial_bayou,
          serial_bayou_pond_b, serial_bayou_lagoon_b, serial_bayou_lake_a,
          serial_bayou_crossing, serial_bayou_ford_a, serial_shops,
          nicolae_take_the_stairs
D:7:      kennysheep_steamy, layout_loops_ring,
          grunt_dithmenos_smoke_and_mirrors, serial_shops,
          nicolae_shop_waterfront, nicolae_shop_just_a_little_nook,
          nicolae_stop_n_shop_1, shop, minmay_door_square, uniq_menkaure
D:8:      layout_loops_cross
D:9:      layout_irregular_city, david_lair_generic, evilmike_minifort,
          uniq_joseph
D:10:     layout_basic, serial_glass, glass_columns_a, glass_columns_a,
          serial_shops, shop, nicolae_two_hexagons, uniq_maurice
D:11:     layout_basic
D:12:     layout_stronghold, orc_0_dummy, grunt_ministairs_3,
          nicolae_shop_dragon_depot, uniq_sonja
D:13:     layout_roguey, serial_curves, eino_curves_04, eino_curves_02,
          eino_curves_04, eino_curves_03, uniq_kirke
D:14:     layout_basic, david_vaults_2, chequers_avenue, minivault_19,
          kennysheep_generic_room_14
D:15:     grunt_enter_depths_giant_problem, layout_cave_pods,
          amcnicky_mini_pool_small, hangedman_decor_peaks_small
Temple:   hc_temple_tempest_star
Lair:1:   layout_cave_pods, chequers_serial_rivers_micro_c, uniq_gastronok
Lair:2:   layout_cave_pods, nicolae_volcano_entry_lava_flow,
          serial_bayou_shore_a, infiniplex_staircase_pool, serial_bayou_shore_b
Lair:3:   layout_loops_ring, nicolae_swamp_entry_splash_gauntlet,
          minmay_snake_entry_six_corridors, amcnicky_altar_lugonu_corruption,
          uniq_urug
Lair:4:   layout_cave_pods
Lair:5:   guppyfry_lair_end_dragon, layout_hall_layers,
          hangedman_lair_tendril_chambers, slime_entry_1, minivault_23
Swamp:1:  gammafunk_mikee_crab_dinner, layout_basic_swamp,
          evilmike_swamp_ruin_house_4
Swamp:2:  layout_basic_swamp, evilmike_swamp_ruin_house_1, swamp_pool5,
          nicolae_swamp_dense_foliage
Swamp:3:  layout_falls_marsh, evilmike_swamp_ruin_rubble_1,
          nicolae_swamp_frolicking_bunyips
Swamp:4:  swamp_old_school, layout_basic_swamp,
          portal_ice_cave_entry_ice_simulacra, infiniplex_staircase_pool_2
Snake:1:  layout_honeycomb, nicolae_snake_flat_spine
Snake:2:  layout_layer_cave, nicolae_shop_self_help, uniq_aizul, uniq_saint_roka
Snake:3:  layout_honeycomb, gammafunk_ghost_berserking_beasts
Snake:4:  minmay_snake_end_coiled, layout_cave_town, uniq_agnes
Orc:1:    layout_caves, uniq_erolcha
Orc:2:    st_orc_rangers, layout_diamond_mine
Vaults:1: vaults_mumra_minichess_inversion, nicolae_vaults_what_the_h,
          nicolae_vaults_spaceships, ontoclasm_vaults_ring_large,
          hangedman_vaults_restitches, vaults_room_fours,
          hangedman_vaults_nails, nicolae_vaults_circle_grid_a, st_lines,
          nicolae_vaults_trapezoid_2, nicolae_vaults_house_1,
          nicolae_vaults_little_squares_2, layout_vaults_big_cross
Vaults:2: nicolae_vaults_closet_pinwheel_3, minmay_crypt_entry_skeletal_spiral,
          nicolae_vaults_closet_pinwheel_6, ontoclasm_vaults_bender,
          v_alt_pattern_5, nicolae_vaults_tetromino_T_2,
          nicolae_vaults_variable_pillar_hall, nicolae_vaults_tangram_1,
          nicolae_vaults_tetromino_L_1, vaults_dpeg_cross, grunt_vaults_bifocal,
          v_alt_pattern_1, vaults_dpeg_ring, nicolae_vaults_network_barrier,
          nicolae_vaults_storage_room_doors, layout_vaults_maze_bifur
Vaults:3: nicolae_vaults_tetromino_T_1, v_alt_pattern_2, ontoclasm_vaults_tryst,
          ontoclasm_vaults_claustrophobia, nicolae_vaults_storage_closets_3,
          grunt_vaults_trifunnel, v_misc_15, nicolae_vaults_house_2, v_misc_9,
          v_misc_32, layout_vaults_ring, serial_shops, shop
Vaults:4: nicolae_vaults_corridor_and_loot_room,
          nicolae_vaults_closet_pinwheel_4, ontoclasm_vaults_hangar,
          ontoclasm_vaults_fault, nicolae_vaults_closet_pinwheel_5,
          ontoclasm_vaults_ring_large, nicolae_vaults_tetromino_T_1,
          nicolae_vaults_closet_pinwheel_1, vaults_dpeg_encased_lava,
          nicolae_vaults_mini_display_case, layout_vaults_omnigrid,
          serial_shops, shop, uniq_jory

Skill      XL: |  1  2  3  4  5  6  7  8  9 10 11 12 13 14 15 16 17 18 19 20 |
---------------+-------------------------------------------------------------+-----
Shapeshifting  | 3 4 6 7 8 |  8.1
Dodging        | 2 3 4 6 7 8 10 12 14 15 16 | 16.3
Unarmed Combat | 3 |  3.7
Fighting       | 2 5 7 10 11 12 | 12.4
Invocations    | 5 7 9 10 | 10.0
Ranged Weapons | 3 9 11 12 14 15 16 18 20 | 20.0
Armour         | 5 9 11 14 15 16 | 16.3
Evocations     | 4 5 |  5.0
Stealth        | 7 |  7.7

Action                     |  1- 3 |  4- 6 |  7- 9 | 10-12 | 13-15 | 16-18 | 19-21 || total
---------------------------+-------+-------+-------+-------+-------+-------+-------++-------
  Melee: Unarmed           |    55 |   144 |   462 |       |       |       |       ||   661
         Short sword       |    66 |    19 |       |       |       |       |       ||    85
         Punch             |     3 |     4 |       |       |       |       |       ||     7
   Fire: Longbow           |       |       |     1 |   378 |  1049 |  1127 |   669 ||  3224
 Invoke: Heroism           |       |       |     1 |     6 |     6 |     5 |     2 ||    20
         Finesse           |       |       |       |       |       |     1 |     1 ||     2
Ability: Begin Untransform |       |       |     1 |       |       |       |       ||     1
  Evoke: Wand              |       |     1 |    10 |     1 |       |       |     1 ||    13
    Use: Scroll            |     4 |     3 |     9 |     9 |     3 |     5 |     7 ||    40
         Potion            |     1 |     3 |     1 |       |       |     3 |     7 ||    15
   Stab: Sleeping          |     1 |       |       |       |       |       |       ||     1
 Armour: Animal skin       |    27 |       |       |       |       |       |       ||    27
         Scale mail        |    38 |    78 |       |       |       |       |       ||   116
         Skin              |     3 |       |     1 |       |       |       |       ||     4
         Ring mail         |       |     1 |   241 |    61 |   119 |       |       ||   422
         Leather armour    |       |       |       |    25 |       |       |       ||    25
         Quicksilver drago |       |       |       |       |   143 |   213 |   102 ||   458
         Pearl dragon scal |       |       |       |       |       |       |    38 ||    38
  Dodge: Dodged            |    54 |    91 |   338 |   193 |   626 |   546 |   299 ||  2147
   Form: Flux              |       |     1 |       |       |       |       |       ||     1

Table legend: (Time is in decaauts)
 A = Elapsed time spent in this place.
 B = Non-inter-level travel time spent in this place.
 C = Inter-level travel time spent in this place.
 D = Time resting spent in this place.
 E = Time spent auto-exploring this place.
 F = Levels seen in this place.
 G = Mean time per level.
                   A        B        C        D        E       F      G
               +--------+--------+--------+--------+--------+-----+--------+
         Total |  37089 |  34132 |   2957 |   1772 |  25221 |  38 |  976.0 |
       Dungeon |  17157 |  15621 |   1536 |   1433 |  11303 |  15 | 1143.8 |
        Temple |     32 |      2 |     30 |      0 |      0 |   1 |   32.0 |
          Lair |   5673 |   5218 |    455 |    191 |   4101 |   5 | 1134.6 |
         Swamp |   2883 |   2625 |    258 |     12 |   1964 |   4 |  720.8 |
     Snake Pit |   4723 |   4504 |    219 |     34 |   3638 |   4 | 1180.8 |
  Orcish Mines |   1158 |   1016 |    142 |     24 |    658 |   2 |  579.0 |
        Vaults |   4656 |   4343 |    313 |      6 |   3331 |   4 | 1164.0 |
         Abyss |    465 |    465 |      0 |     63 |      0 |   2 |  232.5 |
       Volcano |    339 |    339 |      0 |      8 |    225 |   1 |  339.0 |
               +--------+--------+--------+--------+--------+-----+--------+

Top non-repeatable levels by time:
     D:4: 2079 daAuts
 Snake:4: 1685 daAuts
     D:6: 1624 daAuts
Vaults:2: 1615 daAuts
     D:7: 1558 daAuts
  Lair:1: 1499 daAuts
Vaults:3: 1478 daAuts
     D:9: 1405 daAuts
    D:12: 1299 daAuts
Vaults:1: 1243 daAuts
 Snake:2: 1242 daAuts
  Lair:3: 1224 daAuts
    D:10: 1167 daAuts
     D:3: 1113 daAuts
  Lair:5: 1093 daAuts
